 Dungeon Crawl Stone Soup version 0.28.0-49-g6dfe1f597d (webtiles) character file.

Game seed: 12134273091946095695

556 doomsgape the Skirmisher (level 7, 0/47 HPs)
             Began as a Gargoyle Fighter on May 12, 2022.
             Was an Initiate of Okawaru.
             Slain by Pikel
             ... wielding a +0 whip of freezing
              (7 damage)
             ... on level 4 of the Dungeon.
             The game lasted 00:06:37 (3919 turns).

doomsgape the Skirmisher (Gargoyle Fighter)         Turns: 3919, Time: 00:06:37

Health: 0/47       AC: 25    Str: 20 (21) XL:     7   Next: 30%
Magic:  7/7        EV:  5    Int:  7 (9)  God:    Okawaru [......]
Gold:   166        SH:  8    Dex:  9      Spells: 6/6 levels left

rFire   . . .      SeeInvis .   k - +2 flail (protect)
rCold   + . .      Faith    .   c - +0 buckler
rNeg    + . .      Spirit   .   e - +0 plate armour
rPois   ∞          Reflect  .   (no helmet)
rElec   +          Harm     .   (no cloak)
rCorr   .          Rampage  .   (no gloves)
Will    .....                   d - +1 pair of boots
Stlth   ..........              (no amulet)
HPRegen 0.00/turn               (no ring)
MPRegen 0.10/turn               (no ring)

@: under a protective aura, inhibited regen
A: sickness immunity, AC +4, negative energy resistance 1, electricity
resistance, torment resistance 1, petrification resistance, large bone plates 1,
cold resistance 1, sense surroundings 1, inhibited regeneration
a: Renounce Religion


You were on level 4 of the Dungeon.
You worshipped Okawaru.
Okawaru was noncommittal.
You visited 1 branch of the dungeon, and saw 4 of its levels.

You collected 166 gold pieces.

Inventory:

Hand Weapons
 k - a +2 flail of protection (weapon)
Armour
 c - a +0 buckler (worn)
 d - a +1 pair of boots (worn)
 e - a +0 plate armour (worn)
Wands
 j - a wand of mindburst (13)
Scrolls
 g - 4 scrolls of teleportation {unknown}
 h - 3 scrolls of identify {unknown}
Potions
 b - a potion of lignification {unknown}
 f - a potion of mutation
 i - a potion of attraction {unknown}


   Skills:
 + Level 6.7 Fighting
 + Level 5.6 Maces & Flails
 - Level 3.2 Armour
 - Level 3.2 Shields


You had 6 spell levels left.
You didn't know any spells.
Your spell library contained the following spells:

 Spells                   Type           Power      Damage    Failure   Level
 Pain                     Necr           0%         1d4       100%        1
 Slow                     Hex            0%         N/A       100%        1
 Confusing Touch          Hex            0%         N/A       100%        3
 Vampiric Draining        Necr           0%         2d6       100%        3
 Agony                    Necr           0%         N/A       100%        5
 Excruciating Wounds      Necr           0%         N/A       100%        5


Dungeon Overview and Level Annotations

Branches:
Dungeon (4/15)
 Temple: D:4-7

Altars:
Okawaru
Uskayaw
Yredelemnul
The Shining One

Annotations:
D:4 Pikel


Innate Abilities, Weirdness & Mutations

You are immune to sickness and miasma.
Your stone body is resilient. (AC +4)
You are immune to poison.
You resist negative energy. (rN+)
You are resistant to electric shocks. (rElec)
You are resistant to unholy torment.
You are immune to petrification.
You are partially covered in large bone plates. (SH +4)
Your flesh is cold resistant. (rC+)
You passively map a small area around you.
You do not regenerate when monsters are visible.


Message History

You block the lemure's attack. The lemure hits you but does no damage.
The lemure barely misses you.
You closely miss Pikel.
Pikel is almost dead.
You block Pikel's attack. The lemure hits you but does no damage.
You block the lemure's attack. The lemure hits you but does no damage.
You hit Pikel.
Pikel is almost dead.
Pikel hits you but does no damage.
The lemure hits you but does no damage. x2
The lemure closely misses you.
Pikel hits you with a +0 whip of freezing.
* * * LOW HITPOINT WARNING * * *
You barely miss Pikel.
Pikel is almost dead.
You block the lemure's attack. x2; The lemure hits you but does no damage.
Pikel hits you but does no damage.
You closely miss Pikel.
Pikel is almost dead.
The lemure hits you but does no damage. x3; You block Pikel's attack.
The lemure hits you but does no damage. x3
You barely miss Pikel.
Pikel is almost dead.
Pikel closely misses you. The lemure hits you but does no damage.
You block the lemure's attack. The lemure barely misses you.
You hit Pikel but do no damage.
Pikel is almost dead.
Pikel hits you with a +0 whip of freezing.
* * * LOW HITPOINT WARNING * * *
Pikel freezes you.
* * * LOW HITPOINT WARNING * * *
You block the lemure's attack.
The lemure hits you but does no damage. x2
You closely miss Pikel.
Pikel is almost dead.
Pikel hits you but does no damage. The lemure hits you.
* * * LOW HITPOINT WARNING * * *
The lemure hits you but does no damage. x2
You barely miss Pikel.
Pikel is almost dead.
Pikel hits you with a +0 whip of freezing!
You die...

##.##...# #.####.# #.#
#.# #.# #.##
##.####..#########
#...#.....##.....##
*#..#...........>...##
....##................#
##...
#.....>..5@5.....# #.##
#........5K......# #.*
#................# *# *
#................# ,
#................#
#...............##
#+++######.....## , *
###.### , * #..##


You could see Pikel and 3 lemures.

Vanquished Creatures
  Grinder (D:3)
  Sigmund (D:2)
  Crazy Yiuf (D:3)
  An iguana (D:3)
  Terence (D:3)
  Robin (D:3)
  2 adders
  4 worms
  3 dart slugs
  4 orcs
  4 ball pythons
  6 bats
  An endoplasm (D:2)
  3 giant cockroaches
  10 hobgoblins
  2 jackals (D:2)
  2 quokkas (D:1)
  5 frilled lizards
  9 goblins
  6 kobolds
  7 rats
74 creatures vanquished.

Vanquished Creatures (others)
  2 fungi (D:3)
2 creatures vanquished.

Grand Total: 76 creatures vanquished

Notes
Turn   | Place    | Note
-------+----------+-------------------------------------------
     0 | D:1      | doomsgape the Gargoyle Fighter began the quest for the Orb.
     0 | D:1      | Reached XP level 1. HP: 14/14 MP: 1/1
    89 | D:1      | Found a faded altar of an unknown god.
   144 | D:1      | Reached XP level 2. HP: 18/19 MP: 2/2
   957 | D:2      | Noticed Sigmund
   960 | D:2      | Reached XP level 3. HP: 19/24 MP: 3/3
  1131 | D:2      | Reached skill level 4 in Fighting
  1461 | D:2      | Killed Sigmund
  1462 | D:2      | Reached skill level 5 in Fighting
  1462 | D:2      | Reached XP level 4. HP: 15/31 MP: 4/4
  1462 | D:2      | Reached XP level 5. HP: 18/35 MP: 5/5
  1917 | D:3      | Noticed Grinder
  1995 | D:3      | Gained mutation: You passively map a small area around you.
                  | [potion of mutation]
  1995 | D:3      | Gained mutation: You are partially covered in large bone
                  | plates. (SH +4) [potion of mutation]
  1995 | D:3      | Gained mutation: You do not regenerate when monsters are
                  | visible. [potion of mutation]
  1995 | D:3      | Gained mutation: Your flesh is cold resistant. (rC+)
                  | [potion of mutation]
  2009 | D:3      | Killed Grinder
  2010 | D:3      | Reached skill level 6 in Fighting
  2010 | D:3      | Reached skill level 5 in Maces & Flails
  2010 | D:3      | Reached XP level 6. HP: 18/41 MP: 6/6
  2072 | D:3      | Reached XP level 7. HP: 9/47 MP: 7/7
  2505 | D:3      | Noticed Terence
  2513 | D:3      | Killed Terence
  2560 | D:3      | Noticed Robin
  2568 | D:3      | Killed Robin
  2984 | D:3      | Found a runed translucent door.
  2985 | D:3      | Noticed Crazy Yiuf
  2993 | D:3      | Killed Crazy Yiuf
  3479 | D:3      | Found a faded altar of an unknown god.
  3479 | D:3      | Found an iron altar of Okawaru.
  3486 | D:3      | Found a hide-covered altar of Uskayaw.
  3489 | D:3      | Found a glowing golden altar of the Shining One.
  3490 | D:3      | Found a basalt altar of Yredelemnul.
  3501 | D:3      | Became a worshipper of Warmaster Okawaru
  3877 | D:4      | Noticed Pikel
  3919 | D:4      | Slain by Pikel

Illustrated notes

Levels and vault maps discovered:
D:1:      lightli_arrival_quake, layout_loops_ring,
          nicolae_ecumenical_lake_church
D:2:      layout_rooms, uniq_sigmund
D:3:      layout_basic, chequers_temple_overflow_minitemple, minmay_bisected,
          uniq_crazy_yiuf_cottage, uniq_terence, uniq_robin, uniq_grinder
D:4:      layout_rooms, mainiacjoe_overflow_24_doors, kennysheep_vampire_church,
          uniq_ijyb, uniq_pikel

Skill      XL: |  1  2  3  4  5 |
---------------+----------------+-----
Fighting       | 5 6 |  6.7
Maces & Flails | 4 5 |  5.6
Armour         | |  3.2
Shields        | |  3.2

Action                   |  1- 3 |  4- 6 |  7- 9 || total
-------------------------+-------+-------+-------++-------
Melee: Flail             |   108 |    51 |   107 ||   266
Evoke: Wand              |       |       |     1 ||     1
  Use: Potion            |     1 |     2 |       ||     3
       Scroll            |     1 |       |       ||     1
Armor: Plate armour      |    99 |    29 |    73 ||   201
       Scale mail        |     1 |       |       ||     1
Dodge: Dodged            |    34 |     7 |    18 ||    59
Block: Buckler           |    24 |    14 |    48 ||    86
